 Dungeon Crawl Stone Soup version 0.23.0-3-gf3c87f2 (webtiles) character file.

Game seed: 1555177793436291926

3620 Kairos the Cleaver (level 10, -2/77 HPs)
             Began as a Formicid Fighter on Feb 24, 2019.
             Was a Priest of Okawaru.
             Killed by divine providence
             ... invoked by an orc priest
              (14 damage)
             ... on level 8 of the Dungeon.
             The game lasted 00:20:01 (6254 turns).

Kairos the Cleaver (Formicid Fighter)               Turns: 6254, Time: 00:20:02

Health: -2/77      AC: 13    Str: 25    XL:     10   Next: 32%
Magic:  9/10       EV: 15    Int:  7    God:    Okawaru [***...]
Gold:   347        SH: 11    Dex: 10    Spells: 9/9 levels left

rFire    . . .     SeeInvis +   z - +0 battleaxe
rCold    . . .     Gourm    .   c - +0 shield
rNeg     . . .     Faith    +   x - +3 ring mail {rPois}
rPois    +         Spirit   .   (helmet unavailable)
rElec    .         Reflect  .   r - +1 cloak {MR+}
rCorr    .         Harm     .   D - +0 pair of gloves
MR       ++...                  (no boots)
Stlth    +.........             l - amulet of faith
HPRegen  0.22/turn              s - +4 ring of evasion
MPRegen  0.12/turn              (no ring)

@: no status effects
A: permanent stasis, dig shafts and tunnels, four strong arms, antennae 3
a: Dig, Shaft Self, Heroism, Renounce Religion


You were on level 8 of the Dungeon.
You worshipped Okawaru.
Okawaru was most pleased with you.
You were hungry.

You visited 2 branches of the dungeon, and saw 9 of its levels.

You collected 347 gold pieces.

Inventory:

Hand Weapons
 a - a +0 war axe
 b - a +1 mace of holy wrath
 n - a +0 hunting sling
 z - a +0 battleaxe (weapon)
 E - a +0 hand axe of venom
 H - a +0 dire flail
Missiles
 h - 59 sling bullets
 u - 4 tomahawks (quivered)
Armour
 c - a +0 shield (worn)
 o - a +5 scale mail of cold resistance
 r - a +1 cloak of magic resistance (worn)
 x - a +3 ring mail of poison resistance (worn)
 D - a +0 pair of gloves (worn)
Jewellery
 l - an amulet of faith (around neck)
 s - a +4 ring of evasion (left hand)
Scrolls
 g - a scroll of magic mapping
 k - 3 scrolls of remove curse
 p - 2 scrolls of enchant weapon {unknown}
 w - a scroll of fear {unknown}
 y - a scroll of blinking {unknown}
 A - 2 scrolls of identify {unknown}
 C - a scroll of fog
Potions
 d - a potion of might
 e - 2 potions of lignification {unknown}
 i - 4 potions of curing {unknown}
 j - a potion of invisibility {unknown}
 m - a potion of heal wounds
 q - a potion of flight {unknown}
 t - 3 potions of haste {unknown}
 v - 3 potions of degeneration {unknown}
 B - a potion of resistance {unknown}
 G - a potion of brilliance {unknown}
Comestibles
 f - 11 rations


   Skills:
 + Level 6.4 Fighting
 + Level 9.0(9.1) Axes
 + Level 1.9(6.0) Maces & Flails
 + Level 0.5(2.8) Slings
 + Level 4.1 Throwing
 + Level 6.5 Armour
 + Level 3.1 Dodging
 + Level 0.8 Stealth
 + Level 7.5 Shields
 + Level 1.0 Invocations


You had 9 spell levels left.
You didn't know any spells.
Your spell library contained the following spells:

 Spells                   Type           Power        Failure   Level  Hunger
 Confusing Touch          Hex            #.....       67%         1    ##.....
 Confuse                  Hex            #.......     95%         3    ####...
 Gell's Gravitas          Tloc           #.........   95%         3    ####...
 Petrify                  Tmut/Erth      #.......     100%        4    #####..
 Metabolic Englaciation   Hex/Ice        #.........   100%        5    ######.
 Yara's Violent Unravell  Hex/Tmut       #.........   100%        5    ######.


Dungeon Overview and Level Annotations

Branches:
Dungeon (8/15)             Temple (1/1) D:6
   Lair: D:8-11

Altars:
Cheibriados
Gozag
Hepliaklqana
Okawaru
Qazlal
Ru
Trog
Vehumet
Wu Jian
Xom

Shops:
D:7 :


Innate Abilities, Weirdness & Mutations

You cannot be hasted, slowed, berserked, paralysed or teleported.
You can dig through walls and to a lower floor.
Your four strong arms can wield two-handed weapons with a shield.
You have a pair of large antennae on your head. (SInv)


Message History

You closely miss the wolf.
The wolf is heavily wounded.
You block the wolf's attack.
You barely miss the wolf.
The wolf is heavily wounded.
You block the wolf's attack. The wolf bites you.
You hit the wolf.
The wolf is severely wounded.
You feel like a meek peon again. You block the wolf's attack.
The wolf bites you but does no damage.
You barely miss the wolf.
The wolf is severely wounded.
You block the wolf's attack. x2
The orc priest mumbles some strange prayers to Beogh against you.
Beogh smites you!
* * * LOW HITPOINT WARNING * * *
The wolf closely misses you.
The orc priest calls down the wrath of Beogh upon you.
Beogh smites you!
You die...

...........{{...#
#######.####....#
#.# ##.#.# #.#
##....#
####{###.....##
#o†....)......#
#h###.##.....##
#h# #.###....#
#@# #.# ##.#.#
#.# #..# ###..#
##.# ##.# #.#
#.># #.# .# #.##
#.# .# #.# #.#
#.# #.# #.# #.#
#.# #^#


You could see a wolf, a hound and an orc priest.

Vanquished Creatures
  Prince Ribbit (D:7)
  Sigmund (D:4)
  Grum (D:8)
  2 sky beasts (D:7)
  An orc warrior (D:7)
  An ice beast (D:7)
  2 phantoms
  A centaur (D:7)
  3 wolves (D:8)
  4 bullfrogs
  Blork the orc (D:4)
  6 scorpions
  14 wights (D:7)
  6 killer bees
  2 howler monkeys
  4 crimson imps
  A bullfrog zombie (D:8)
  A jelly (D:5)
  2 orc priests
  4 hounds
  2 bullfrog skeletons
  Terence (D:2)
  An iguana (D:6)
  2 orc wizards
  2 worker ants
  Robin (D:2)
  A howler monkey skeleton (D:6)
  4 adders
  2 oozes
  A worm (D:4)
  A dart slug (D:4)
  3 leopard geckos
  21 orcs
  2 giant cockroaches
  14 goblins
  6 hobgoblins
  7 jackals
  4 kobolds (D:1)
  A ball python (D:1)
  A bat (D:2)
  2 frilled lizards (D:1)
  A leopard gecko skeleton (D:6)
  A quokka zombie (D:6)
  6 rats
  2 plants (D:5)
147 creatures vanquished.

Notes
Turn   | Place    | Note
-------+----------+-------------------------------------------
     0 | D:1      | Kairos the Formicid Fighter began the quest for the Orb.
     0 | D:1      | Reached XP level 1. HP: 18/18 MP: 1/1
    73 | D:1      | Reached XP level 2. HP: 23/24 MP: 2/2
   879 | D:2      | Noticed Terence
   893 | D:2      | Killed Terence
   893 | D:2      | Reached XP level 3. HP: 15/29 MP: 3/3
  1386 | D:2      | Reached XP level 4. HP: 36/36 MP: 4/4
  1390 | D:2      | Noticed Robin
  1395 | D:2      | Killed Robin
  1396 | D:2      | Reached skill level 3 in Axes
  2266 | D:3      | Found a shimmering altar of Xom.
  2271 | D:3      | Found a shimmering altar of Xom.
  2274 | D:3      | Found a shimmering altar of Xom.
  2276 | D:3      | Found a shimmering altar of Xom.
  2276 | D:3      | Found a shimmering altar of Xom.
  2276 | D:3      | Found a shimmering altar of Xom.
  2277 | D:3      | Found a shimmering altar of Xom.
  2787 | D:4      | Reached XP level 5. HP: 37/42 MP: 5/5
  2790 | D:4      | Noticed an orc warrior
  2798 | D:4      | You fall through a shaft for 3 floors!
  2993 | D:7      | Noticed an ice beast
  2995 | D:6      | Noticed a bullfrog
  3005 | D:6      | Reached skill level 1 in Dodging
  3008 | D:6      | Killed a bullfrog
  3008 | D:6      | Reached XP level 6. HP: 26/48 MP: 6/6
  3149 | D:5      | Entered Level 5 of the Dungeon
  3201 | D:4      | Found a snail-covered altar of Cheibriados.
  3241 | D:4      | Reached skill level 4 in Axes
  3462 | D:4      | Noticed a phantom
  3485 | D:4      | Reached XP level 7. HP: 55/55 MP: 7/7
  3529 | D:4      | Noticed Blork the orc
  3540 | D:4      | Killed Blork the orc
  3651 | D:4      | Noticed Sigmund
  3678 | D:4      | Killed Sigmund
  3678 | D:4      | Reached skill level 5 in Axes
  3678 | D:4      | Reached skill level 5 in Armour
  3678 | D:4      | Reached skill level 5 in Shields
  3925 | D:5      | Reached XP level 8. HP: 61/61 MP: 8/8
  3953 | D:5      | Reached skill level 1 in Throwing
  4071 | D:5      | Found a radiant altar of Vehumet.
  4141 | D:5      | Reached skill level 6 in Axes
  4584 | D:6      | Found a staircase to the Ecumenical Temple.
  4594 | Temple   | Entered the Ecumenical Temple
  4611 | Temple   | Became a worshipper of Warmaster Okawaru
  4630 | D:6      | Reached skill level 5 in Fighting
  4867 | D:6      | Found an opulent altar of Gozag.
  4993 | D:7      | Reached XP level 9. HP: 68/68 MP: 9/9
  4999 | D:7      | Reached * piety under Okawaru
  4999 | D:7      | Reached skill level 7 in Axes
  5031 | D:7      | Found Qotrak's Book Shop.
  5237 | D:7      | Noticed Prince Ribbit
  5250 | D:7      | Killed Prince Ribbit
  5250 | D:7      | Reached skill level 1 in Maces & Flails
  5461 | D:7      | Reached ** piety under Okawaru
  5463 | D:7      | Reached skill level 8 in Axes
  5597 | D:7      | Reached XP level 10. HP: 48/76 MP: 10/10
  6181 | D:8      | Noticed Grum
  6200 | D:8      | Killed Grum
  6237 | D:8      | Reached *** piety under Okawaru
  6237 | D:8      | Reached skill level 9 in Axes
  6240 | D:8      | Received a gift from Okawaru
  6244 | D:8      | Reached skill level 1 in Invocations
  6254 | D:8      | Killed from afar by an orc priest

Skill      XL: |  1  2  3  4  5  6  7  8  9 10 |
---------------+-------------------------------+-----
Shields        | 4 5 6 7 |  7.5
Axes           | 3 4 5 6 8 9 |  9.0
Armour         | 4 5 6 |  6.5
Fighting       | 4 5 6 |  6.4
Dodging        | 1 2 3 |  3.1
Throwing       | 2 4 |  4.1
Maces & Flails | 1 |  1.9
Invocations    | 1 |  1.0
Slings         | |  0.5
Stealth        | |  0.8

Action                   |  1- 3 |  4- 6 |  7- 9 | 10-12 || total
-------------------------+-------+-------+-------+-------++-------
Melee: War axe           |    70 |   155 |   217 |       ||   442
       Battleaxe         |       |       |    58 |   102 ||   160
       Mace              |       |       |    19 |       ||    19
       Dire flail        |       |       |    14 |       ||    14
 Fire: Hunting sling     |     4 |       |       |       ||     4
Throw: Javelin           |       |       |    33 |       ||    33
       Tomahawk          |       |       |    31 |       ||    31
Invok: Heroism           |       |       |       |     3 ||     3
 Abil: Shaft Self        |       |     1 |       |       ||     1
       Dig               |       |       |     1 |       ||     1
Evoke: Wand              |       |       |     2 |       ||     2
  Use: Scroll            |       |     5 |     2 |       ||     7
  Eat: Chunk             |     1 |     8 |     4 |     2 ||    15
       Ration            |       |       |     1 |       ||     1
Armor: Scale mail        |    30 |    77 |    28 |     1 ||   136
       Ring mail         |       |       |    31 |    35 ||    66
Dodge: Dodged            |    18 |    56 |   126 |   116 ||   316
Block: Shield            |    28 |    88 |   130 |    99 ||   345
